 Dungeon Crawl Stone Soup version 0.31-a0-271-gb88eb75e06 (webtiles) character file.

Game seed: 14793451000976378702

203911 funkygono the Hoplite (level 17, -7/161 HPs)
             Began as a Minotaur Fighter on July 14, 2023.
             Was a High Priest of Okawaru.
             Killed from afar by a will-o-the-wisp (22 damage)
             ... with a foxfire
             ... on level 4 of the Swamp.
             The game lasted 01:27:07 (27254 turns).

funkygono the Hoplite (Minotaur Fighter)           Turns: 27254, Time: 01:27:08

Health: -7/161     AC: 33    Str: 27      XL:     17   Next: 99%
Magic:  30/30      EV: 20    Int: 12 (13) God:    Okawaru [*****.]
Gold:   3562       SH: 24    Dex: 11      Spells: 16/16 levels left

rFire   x . .        y - +8 hand axe of Wifiw {flame, rC+}
rCold   + + .        s - +0 tower shield
rNeg    + + +        u - +4 chain mail of the Loofah {Rampage rC+ rN+++ Str-4}
rPois   .            p - +3 hat of Pondering {ponderous, Will+ MP+10 Int+5}
rElec   .            F - +2 cloak of Supple Strength {rF- Str+3 Int+3}
rCorr   .            k - +2 pair of gloves
SInv    .            o - +2 pair of boots
Will    +++..        c - amulet of regeneration
Stlth   +            K - ring of willpower
HPRegen 1.26/turn    M - +5 ring of evasion
MPRegen 0.22/turn

%: rampage
@: heroic, studying 2 skills, slow
A: horns 2, retaliatory headbutt
}: 1/15 runes: serpentine
a: Renounce Religion, Heroism, Finesse, Duel


You were on level 4 of the Swamp.
You worshipped Okawaru.
Okawaru was extremely pleased with you.
You visited 6 branches of the dungeon, and saw 28 of its levels.
You also visited: Ice Cave.

You collected 3562 gold pieces.

Inventory:

Hand Weapons
 y - the +8 hand axe of Wifiw (weapon) {flame, rC+}
   (You found it on level 6 of the Dungeon)

   rC:        It protects you from cold.
 U - the +9 war axe of Immorality {vamp, rPois rF+++ Int-5 Stlth+}
   (You found it on level 4 of the Lair of Beasts)

   Int:       It affects your intelligence (-5).
   rF:        It renders you almost immune to fire.
   rPois:     It protects you from poison.
   Stlth:     It makes you more stealthy.
Missiles
 l - 3 throwing nets
 x - 17 boomerangs (quivered)
 z - 8 silver javelins
 D - 3 boomerangs of dispersal
 Q - 21 javelins
Armour
 i - the +6 chain mail of the Lily {Int+4}
   (You found it on level 2 of the Swamp)

   Int:       It affects your intelligence (+4).
 k - a +2 pair of gloves (worn)
 o - a +2 pair of boots (worn)
 p - the +3 hat of Pondering (worn) {ponderous, Will+ MP+10 Int+5}
   (You took it off Gastronok on level 1 of the Lair of Beasts)

   Int:       It affects your intelligence (+5).
   MP:        It affects your magic capacity (+10).
   Will:      It increases your willpower.
 s - a +0 tower shield (worn)
 u - the +4 chain mail of the Loofah (worn) {Rampage rC+ rN+++ Str-4}
   (You found it on level 6 of the Dungeon)

   Str:       It affects your strength (-4).
   rC:        It protects you from cold.
   rN:        It renders you almost immune to negative energy.
   Rampage:   It bestows one free step when moving towards enemies.
 F - the +2 cloak of Supple Strength (worn) {rF- Str+3 Int+3}
   (You found it on level 8 of the Dungeon)

   Str:       It affects your strength (+3).
   Int:       It affects your intelligence (+3).
   rF:        It makes you vulnerable to fire.
Jewellery
 c - an amulet of regeneration (around neck)
 r - a +4 ring of slaying
 K - a ring of willpower (left hand)
 M - a +5 ring of evasion (right hand)
Wands
 a - a wand of polymorph (6)
 m - a wand of flame (71)
 v - a wand of quicksilver (47)
 A - a wand of paralysis (37)
 E - a wand of iceblast (20)
 P - a wand of digging (35)
Scrolls
 h - a scroll of enchant weapon
 j - a scroll of amnesia
 t - 5 scrolls of fear
 w - 2 scrolls of poison
 C - 3 scrolls of blinking
 H - 10 scrolls of teleportation
 O - 3 scrolls of fog
 R - 8 scrolls of identify
 Y - 2 scrolls of revelation
Potions
 b - 2 potions of enlightenment
 d - 12 potions of curing
 e - 5 potions of cancellation
 f - 5 potions of mutation
 g - 9 potions of haste
 n - 3 potions of heal wounds
 G - 6 potions of berserk rage
 J - 2 potions of resistance
 L - 3 potions of might
 N - 3 potions of ambrosia


   Skills:
 + Level 17.1(22.1) Fighting
 + Level 22.3(27) Axes
 + Level 7.7(12.7) Throwing
 + Level 14.2(19.2) Armour
 + Level 11.6(16.6) Dodging
 + Level 3.0(8.0) Stealth
 + Level 23.5(27) Shields
 + Level 5.7 Invocations
 + Level 1.3 Evocations


You had 16 spell levels left.
You didn't know any spells.
Your spell library contained the following spells:

 Spells                   Type           Power      Damage    Failure   Level
 Apportation              Tloc           0%         N/A       65%         1
 Freeze                   Ice            0%         1d3       65%         1
 Kiss of Death            Conj/Necr      0%         2d5       65%         1
 Necrotise                Necr           0%         1d4       65%         1
 Ensorcelled Hibernation  Hex/Ice        0%         N/A       78%         2
 Passwall                 Tmut/Erth      0%         N/A       78%         2
 Poisonous Vapours        Pois/Air       0%         N/A       78%         2
 Confusing Touch          Hex            0%         N/A       95%         3
 Frozen Ramparts          Ice            0%         1d1       95%         3
 Hailstorm                Conj/Ice       0%         3d3       95%         3
 Inner Flame              Hex/Fire       0%         N/A       95%         3
 Mephitic Cloud           Conj/Pois/Air  0%         N/A       95%         3
 Stone Arrow              Conj/Erth      0%         3d7       95%         3
 Swiftness                Air            0%         N/A       95%         3
 Vhi's Electric Charge    Tloc/Air       0%         N/A       95%         3
 Anguish                  Hex/Necr       0%         N/A       100%        4
 Dispel Undead            Necr           0%         3d6       100%        4
 Flame Wave               Conj/Fire      0%         2d4       100%        4
 Leda's Liquefaction      Hex/Erth       0%         N/A       100%        4
 Passage of Golubria      Tloc           0%         N/A       100%        4
 Sticky Flame             Conj/Fire      0%         2d3       100%        4
 Alistair's Intoxication  Tmut/Pois      0%         N/A       100%        5
 Arcjolt                  Conj/Air       0%         1d10      100%        5
 Borgnjor's Vile Clutch   Necr/Erth      0%         N/A       100%        5
 Fireball                 Conj/Fire      0%         3d3       100%        5
 Freezing Cloud           Conj/Ice/Air   0%         6-21      100%        5
 Iskenderun's Battlesphe  Conj           0%         2d6       100%        5
 Lee's Rapid Deconstruct  Erth           0%         3d4*      100%        5
 Silence                  Hex/Air        0%         N/A       100%        5
 Yara's Violent Unravell  Hex/Tmut       0%         3d3       100%        5
 Conjure Ball Lightning   Conj/Air       0%         3x3d6     100%        6
 Eringya's Noxious Bog    Tmut/Pois      0%         4d6       100%        6
 Leda's Unmaking          Conj/Erth      0%         9d1       100%        6
 Plasma Beam              Fire/Air       0%         2x1d10    100%        6
 Orb of Destruction       Conj           0%         9d5       100%        7
 Lehudib's Crystal Spear  Conj/Erth      0%         10d2      100%        8
 Maxwell's Capacitive Co  Air            0%         ∞         100%        8
 Summon Small Mammal      Summ           Unusable   N/A       N/A         1
 Tukima's Dance           Hex            Unusable   N/A       N/A         3
 Animate Armour           Summ/Erth      Unusable   N/A       N/A         4

Dungeon Overview and Level Annotations

Branches:
Dungeon (12/15)            Temple (1/1) D:6            Lair (5/5) D:11
  Swamp (4/4) Lair:3        Snake (4/4) Lair:2        Slime (0/5) Lair:4
    Orc (2/2) D:9             Elf (0/3) Orc:2         IceCv (visited)

Altars:
Ashenzari
Cheibriados
Dithmenos
Elyvilon
Fedhas
Gozag
Hepliaklqana
Kikubaaqudgha
Makhleb
Nemelex Xobeh
Okawaru
Qazlal
Ru
Sif Muna
Trog
Uskayaw
Vehumet
Wu Jian
Xom
Yredelemnul
Zin
The Shining One
Jiyva

Shops:
D:5 *   Orc:2 [?:!   Snake:1 =?   Snake:4 =::*((


Innate Abilities, Weirdness & Mutations

You have a pair of horns on your head.
You reflexively headbutt those who attack you in melee.


Message History

You hit the fenstrider witch but do no damage.
The will-o-the-wisp gestures.
The will-o-the-wisp conjures some foxfire! 2 foxfires come into view.
Unknown command.
You slash the bunyip! You burn the bunyip.
The bunyip is almost dead.
You hit the foxfire. You barely miss the fenstrider witch.
The foxfire hits you!! The fire burns you terribly!
The fenstrider witch gestures at you while chanting.
You resist with almost no effort. The foxfire hits you!!
The fire burns you terribly!
You hit the bunyip but do no damage.
The bunyip is almost dead.
You barely miss the fenstrider witch.
The will-o-the-wisp gestures.
The will-o-the-wisp conjures some foxfire!
The fenstrider witch completely misses you.
The fenstrider witch kicks you. 2 foxfires come into view.
Unknown command.
You slash the bunyip! You burn the bunyip.
You kill the bunyip!
Okawaru accepts your kill.
You hit the foxfire. You closely miss the fenstrider witch.
The foxfire hits you!!! The fire burns you terribly!
* * * LOW HITPOINT WARNING * * *
The foxfire hits you! The fire burns you terribly!
* * * LOW HITPOINT WARNING * * *
You block the fenstrider witch's attack.
The fenstrider witch kicks you but does no damage.
The will-o-the-wisp gestures.
The will-o-the-wisp conjures some foxfire!
You feel your intelligence returning. 2 foxfires come into view.
You slash the fenstrider witch! You burn the fenstrider witch.
Your headbutt misses the fenstrider witch.
The fenstrider witch is heavily wounded.
The foxfire hits you!! The fire burns you terribly!
You die...

.~......~.## ##.
.## ..~.~...~..# ~
~ .~~.......~# ♣♣
♣♣ .~~~.....##
~~~~~.....#
~...~.....##
.~~.~..~...##
......~.~..H##
..~...~~....@## ##
~~....~...~†v§♣###
#.
.♣~..~.~.~§vv~~.#
♣♣
~...~.~.~~§§..~.§.
..♣~♣.
~..~....~...~...~.
....~.
~~♣...~~.....~~.~.
.♣♣§.~
.♣.~~.~$..§.....
♣♣♣♣
~.~~........~.. ♣
~..~..~..~~~..~ ♣♣


You could see a fenstrider witch and a will-o-the-wisp.

Vanquished Creatures
  Vashnia (Snake:2)
  A tentacled monstrosity (Swamp:4)
  The ghost of caveywoolpert the Spry, an adept MfMo of the Shining One (Swamp:4)
  Aizul (Snake:2)
  2 thorn hunters
  Gastronok (Lair:1)
  2 fenstrider witches (Swamp:4)
  12 nagarajas
  2 ghouls (Swamp:4)
  A reaper (Swamp:4)
  The ghost of flestrin the Mimic, a journeyman DrSh of Uskayaw (Lair:5)
  5 eleionomae
  3 bunyips (Swamp:4)
  A white draconian (IceCv)
  A fire dragon (Lair:5)
  2 shambling mangroves
  8 hydras
  2 salamander tyrants
  Erolcha (D:11)
  A spriggan air mage (Swamp:2)
  5 anacondas
  Harold (D:11)
  2 ogre magi (Orc:2)
  A death yak (Lair:5)
  2 boulder beetles
  3 two-headed ogres
  7 alligators
  15 naga warriors
  2 spriggan berserkers (Swamp:4)
  7 shock serpents
  6 spriggans
  15 naga sharpshooters
  An orc high priest (Orc:1)
  Sonja (D:11)
  2 soul eaters (Swamp:4)
  A skyshark (Lair:5)
  8 salamander mystics
  3 goliath frogs
  4 bog bodies
  4 spriggan druids
  9 naga ritualists
  2 phantasmal warriors (Snake:2)
  3 wizards (Swamp:4)
  5 sea snakes (Snake:4)
  7 swamp dragons
  5 steelbarb worms (Swamp:2)
  An orc knight (Orc:2)
  2 deep elf zephyrmancers (Swamp:4)
  A wolf spider (Lair:5)
  2 cyclopes
  17 mana vipers
  A deep elf pyromancer (Swamp:4)
  4 will-o-the-wisps
  9 orc sorcerers
  7 elephants (Lair:4)
  11 salamanders
  A manticore (Lair:2)
  7 guardian serpents
  2 ice statues (IceCv)
  43 black mambas
  2 torpor snails
  8 naga magi
  An orange demon (Swamp:4)
  21 cane toads
  A gargoyle (D:11)
  7 komodo dragons
  13 rime drakes
  2 spectral nagas (Snake:2)
  3 unseen horrors (D:11)
  2 queen bees
  8 hornets
  2 hellwings (Swamp:4)
  14 tyrant leeches
  A bloated husk (Swamp:4)
  2 burning bushes (Lair:5)
  9 trolls
  A polar bear (Lair:5)
  3 meliai (D:12)
  13 blink frogs
  Grinder (D:3)
  5 dream sheep (Lair:3)
  Sigmund (D:2)
  A vampire (D:12)
  A wraith (D:11)
  15 wyverns
  5 slime creatures
  43 yaks
  A human (D:4)
  A steam dragon (Lair:3)
  A shadow (D:11)
  10 basilisks
  A neqoxec (Swamp:4)
  3 redbacks (Lair:5)
  Grum (Lair:1)
  16 vampire mosquitoes
  A chaos spawn (Swamp:4)
  9 wargs
  28 swamp worms
  19 water moccasins
  29 nagas
  2 acid dragons
  2 swamp drakes (Lair:5)
  Duvessa (D:5)
  15 orc warriors
  An ice beast (D:7)
  2 sky beasts
  3 black bears
  9 ogres
  16 wolves
  4 centaurs
  A phantom (D:4)
  A kobold brigand (D:9)
  15 bullfrogs
  A scorpion (D:6)
  Blork the orc (D:4)
  A gnoll sergeant (D:9)
  7 wights
  Dowan (D:5)
  42 killer bees
  3 lindwurm simulacra (IceCv)
  3 howler monkeys
  An electric eel (Lair:1)
  9 komodo dragon simulacra (IceCv)
  5 hounds
  4 jellies
  11 orc priests
  8 iguanas
  A human skeleton (D:4)
  A sleepcap (D:5)
  Natasha (twice) (D:3)
  41 orc wizards
  A hell rat (Lair:2)
  12 gnolls
  Robin (D:4)
  5 acid dragon simulacra (IceCv)
  6 adders
  3 white imps
  4 steam dragon simulacra (IceCv)
  3 worms
  4 dart slugs
  87 orcs
  6 ball pythons
  8 bats
  5 endoplasms
  2 giant cockroaches
  22 goblins
  6 hobgoblins
  4 jackals (D:5)
  14 kobolds
  3 quokkas
  A frilled lizard (D:3)
  A goblin zombie (D:4)
  A kobold skeleton (D:4)
  4 rats
  A spectral weapon (Snake:2)
1001 creatures vanquished.

Vanquished Creatures (others)
  An eleionoma (Swamp:4)
  A deep elf pyromancer (Swamp:4)
  A naga mage (Snake:3)
  3 bloated husks
  A neqoxec (Swamp:4)
  22 foxfires
29 creatures vanquished.

Grand Total: 1030 creatures vanquished

Notes
Turn   | Place    | Note
-------+----------+-------------------------------------------
     0 | D:1      | funkygono the Minotaur Fighter began the quest for the Orb.
     0 | D:1      | Reached XP level 1. HP: 19/19 MP: 0/0
    95 | D:1      | Reached XP level 2. HP: 19/27 MP: 1/1
   221 | D:1      | Reached skill level 4 in Shields
   381 | D:1      | Reached XP level 3. HP: 30/33 MP: 2/2
   929 | D:2      | Reached XP level 4. HP: 24/41 MP: 3/3
  1682 | D:2      | Noticed Sigmund
  1706 | D:2      | Killed Sigmund
  1707 | D:2      | Reached skill level 5 in Armour
  1707 | D:2      | Reached XP level 5. HP: 19/47 MP: 4/4
  1707 | D:2      | Reached XP level 6. HP: 21/53 MP: 5/5
  1973 | D:3      | Noticed Grinder
  1979 | D:3      | Killed Grinder
  1980 | D:3      | Reached skill level 5 in Axes
  2182 | D:3      | Identified the +2 robe "Opsumais" {Dex+2}
  2204 | D:3      | Noticed Natasha
  2207 | D:3      | Killed Natasha
  2293 | D:3      | Noticed Natasha
  2298 | D:3      | Killed Natasha
  2299 | D:3      | Reached skill level 5 in Fighting
  2299 | D:3      | Reached XP level 7. HP: 57/58 MP: 6/6
  2954 | D:4      | Noticed Blork the orc
  2956 | D:4      | Killed Blork the orc
  2957 | D:4      | Reached skill level 5 in Shields
  3109 | D:4      | Noticed Robin
  3129 | D:4      | Killed Robin
  3142 | D:4      | Found a runed translucent door.
  3142 | D:4      | Noticed a human
  3149 | D:4      | Found a basalt altar of Yredelemnul.
  3556 | D:5      | Entered Level 5 of the Dungeon
  3565 | D:5      | Found an ancient bone altar of Kikubaaqudgha.
  3593 | D:5      | Found a shimmering blue altar of Sif Muna.
  3594 | D:5      | Found an iron altar of Okawaru.
  3595 | D:5      | Found a blossoming altar of Fedhas.
  3595 | D:5      | Found a hide-covered altar of Uskayaw.
  3601 | D:5      | Found an ornate altar of the Wu Jian Council.
  3602 | D:5      | Found an opulent altar of Gozag.
  3605 | D:5      | Became a worshipper of Warmaster Okawaru
  3709 | D:5      | Reached XP level 8. HP: 49/70 MP: 3/7
  3957 | D:5      | Found Offep's Assorted Antiques.
  4543 | D:5      | Noticed Duvessa
  4543 | D:5      | Noticed Dowan
  4560 | D:5      | Killed Duvessa
  4561 | D:5      | Reached skill level 1 in Throwing
  4573 | D:5      | Killed Dowan
  4746 | D:6      | Identified the +4 chain mail of the Loofah {Rampage rC+
                  | rN+++ Str-4}
  4874 | D:6      | Identified the +8 hand axe of Wifiw {flame, rC+}
  4878 | D:6      | Reached skill level 6 in Shields
  4969 | D:6      | Reached * piety under Okawaru
  5258 | D:6      | Found a staircase to the Ecumenical Temple.
  5267 | Temple   | Entered the Ecumenical Temple
  5625 | D:7      | Reached skill level 1 in Dodging
  5631 | D:7      | Reached skill level 7 in Shields
  5714 | D:7      | Reached XP level 9. HP: 75/75 MP: 5/8
  5873 | D:7      | Noticed a troll
  5883 | D:7      | Killed a troll
  6334 | D:8      | Reached skill level 10 in Axes
  6339 | D:8      | Reached skill level 8 in Shields
  6342 | D:8      | Reached ** piety under Okawaru
  6346 | D:8      | Reached skill level 1 in Invocations
  6377 | D:8      | Reached skill level 1 in Stealth
  6521 | D:8      | Reached XP level 10. HP: 86/86 MP: 9/9
  6612 | D:8      | Identified the +2 cloak of Supple Strength {rF- Str+3
                  | Int+3}
  6865 | D:9      | Reached skill level 9 in Shields
  6867 | D:9      | Reached *** piety under Okawaru
  6968 | D:9      | Found a staircase to the Orcish Mines.
  7539 | D:10     | Entered Level 10 of the Dungeon
  7756 | D:10     | Found a glowing silver altar of Zin.
  8017 | D:11     | Noticed a cyclops
  8027 | D:11     | Killed a cyclops
  8028 | D:11     | Reached skill level 10 in Shields
  8076 | D:11     | Received a gift from Okawaru
  8120 | D:11     | Found a frozen archway.
  8129 | IceCv    | Entered an ice cave
  8160 | IceCv    | Noticed an ice statue
  8160 | IceCv    | Noticed an ice statue
  8169 | IceCv    | Killed an ice statue
  8189 | IceCv    | Killed an ice statue
  8190 | IceCv    | Reached XP level 11. HP: 66/94 MP: 9/11
  8378 | IceCv    | Noticed a white draconian
  8396 | IceCv    | Reached **** piety under Okawaru
  8397 | IceCv    | Killed a white draconian
  8737 | D:11     | Noticed Erolcha
  8757 | D:11     | Killed Erolcha
  9101 | D:11     | Noticed a boulder beetle
  9128 | D:11     | Killed a boulder beetle
  9167 | D:11     | Reached ***** piety under Okawaru
  9168 | D:11     | Reached skill level 11 in Shields
  9357 | D:11     | Found a hazy altar of Hepliaklqana.
  9393 | D:11     | Identified the +0 scale mail of Conscience {-Tele rC+++
                  | Regen+ Str-3}
  9508 | D:11     | Noticed Harold
  9522 | D:11     | Killed Harold
  9522 | D:11     | Received a gift from Okawaru
  9626 | D:11     | Found a staircase to the Lair.
  9750 | D:12     | Noticed a boulder beetle
  9788 | D:12     | Killed a boulder beetle
  9789 | D:12     | Reached skill level 10 in Armour
  9854 | D:12     | Reached skill level 12 in Shields
  9898 | D:12     | Noticed a two-headed ogre
  9906 | D:12     | Killed a two-headed ogre
  9907 | D:12     | Reached XP level 12. HP: 98/104 MP: 9/12
  9967 | D:12     | Reached skill level 5 in Dodging
 10161 | D:12     | Identified the +0 whip of the Wraith {freeze, +Blink Dex+2}
 10260 | D:12     | Reached skill level 13 in Shields
 10482 | Lair:1   | Entered Level 1 of the Lair of Beasts
 10482 | Lair:1   | Noticed Sonja
 10482 | Lair:1   | Noticed Grum
 10517 | D:11     | Killed Sonja
 10542 | Lair:1   | Noticed Gastronok
 10581 | Lair:1   | Reached skill level 10 in Fighting
 10647 | Lair:1   | Killed Gastronok
 10648 | Lair:1   | Reached skill level 14 in Shields
 10654 | Lair:1   | Killed Grum
 11479 | Lair:1   | Identified a scroll of acquirement
 11479 | Lair:1   | Acquired a ring of willpower
 11580 | Lair:2   | Identified the +6 trident of the Sneaky Hosts {freeze,
                  | +Blink Str-4 Dex+7}
 11598 | Lair:2   | Found a staircase to the Snake Pit.
 11628 | Lair:2   | Noticed a six-headed hydra
 11647 | Lair:2   | Killed a three-headed hydra
 11647 | Lair:2   | Received a gift from Okawaru
 11832 | Lair:2   | Reached XP level 13. HP: 114/114 MP: 14/14
 12095 | Lair:2   | Received a gift from Okawaru
 12188 | Lair:2   | Reached skill level 15 in Shields
 12680 | Lair:2   | Acquired a manual of Axes
 12751 | Lair:3   | Received a gift from Okawaru
 12818 | Lair:3   | Reached skill level 15 in Axes
 13087 | Lair:3   | Found a staircase to the Swamp.
 14131 | Lair:4   | Reached skill level 16 in Shields
 14207 | Lair:4   | Identified the +1 leather armour of the Insatiable Beasts
                  | {rN++ Will+ Str-4}
 14283 | Lair:4   | Found a viscous altar of Jiyva.
 14283 | Lair:4   | Found a staircase to the Slime Pits.
 14451 | Lair:4   | Reached skill level 5 in Throwing
 14472 | Lair:4   | Identified the +1 falchion "Puas" {speed, rN+}
 14673 | Lair:4   | Identified the +9 war axe of Immorality {vamp, rPois rF+++
                  | Int-5 Stlth+}
 14892 | Lair:4   | Reached XP level 14. HP: 124/124 MP: 16/16
 15219 | Lair:5   | Entered Level 5 of the Lair of Beasts
 15323 | Lair:5   | Found a runed translucent gate.
 15323 | Lair:5   | Found a runed translucent gate.
 15323 | Lair:5   | Found a runed translucent gate.
 15328 | Lair:5   | Noticed flestrin's ghost (journeyman DrSh)
 15351 | Lair:5   | Killed flestrin's ghost
 15398 | Lair:5   | Reached skill level 17 in Shields
 16240 | Lair:5   | Received a gift from Okawaru
 16453 | Lair:5   | Identified the +1 scale mail "Ulaerioq" {rPois rF- Str+8
                  | Stlth-}
 17160 | Orc:1    | Entered Level 1 of the Orcish Mines
 17529 | Orc:2    | Entered Level 2 of the Orcish Mines
 17576 | Orc:2    | Received a gift from Okawaru
 17850 | Orc:2    | Found a staircase to the Elven Halls.
 18038 | Orc:2    | Found Egipeih's Antique Armour Shoppe.
 18042 | Orc:2    | Reached skill level 18 in Shields
 18068 | Orc:2    | Found Sakkorchoil's Distillery.
 18110 | Orc:2    | Found a radiant altar of Vehumet.
 18128 | Orc:2    | Found Jubarr's Book Emporium.
 18148 | Orc:2    | Reached XP level 15. HP: 135/135 MP: 17/17
 18174 | Orc:2    | Found an ancient bone altar of Kikubaaqudgha.
 18199 | Orc:2    | Found Ithyq's Magic Scroll Emporium.
 18799 | Snake:1  | Entered Level 1 of the Snake Pit
 18978 | Snake:1  | Found Guboses's Jewellery Shop.
 18984 | Snake:1  | Found Ziequx's Magic Scroll Boutique.
 19009 | Snake:1  | Reached skill level 5 in Invocations
 19382 | Snake:1  | Noticed a nagaraja
 19396 | Snake:1  | Killed a nagaraja
 20183 | Snake:2  | Found a transporter.
 20189 | Snake:2  | Found a shimmering blue altar of Sif Muna.
 20228 | Snake:2  | Noticed Aizul
 20248 | Snake:2  | Killed Aizul
 20438 | Snake:2  | Received a gift from Okawaru
 20465 | Snake:2  | Reached skill level 19 in Shields
 20691 | Snake:2  | Received a gift from Okawaru
 20714 | Snake:2  | Identified the +1 halberd "Jyherem" {heavy, SInv}
 20772 | Snake:2  | Noticed a nagaraja
 20780 | Snake:2  | Noticed Vashnia
 21495 | Snake:2  | Noticed a nagaraja
 21524 | Snake:3  | Identified the +0 long sword "Ogreslayer" {antimagic,
                  | *Corrode rElec rN+ Str+8}
 21730 | Snake:3  | Received a gift from Okawaru
 21778 | Snake:3  | Noticed a nagaraja
 21790 | Snake:3  | Killed a nagaraja
 21959 | Snake:3  | Received a gift from Okawaru
 22163 | Snake:3  | Reached XP level 16. HP: 137/147 MP: 19/19
 22171 | Snake:3  | Reached skill level 10 in Dodging
 22386 | Snake:3  | Received a gift from Okawaru
 22482 | Snake:4  | Entered Level 4 of the Snake Pit
 22622 | Snake:4  | Found Coin's General Store.
 22655 | Snake:4  | Reached skill level 15 in Fighting
 22720 | Snake:4  | Received a gift from Okawaru
 22813 | Snake:4  | Received a gift from Okawaru
 22847 | Snake:4  | Reached skill level 20 in Shields
 23026 | Snake:4  | Got a serpentine rune of Zot
 23076 | Snake:4  | Received a gift from Okawaru
 23265 | Snake:4  | Received a gift from Okawaru
 23304 | Snake:4  | Found Byith's Antique Weapon Boutique.
 23358 | Snake:4  | Found Taus's Weapon Boutique.
 23535 | Snake:4  | Identified the amulet "Lup Juuc" {RegenMP Int+2}
 23545 | Snake:4  | Identified the ring of the Present {*Slow Str+6 Int+6}
 23612 | Snake:4  | Found Coxadita's Book Shoppe.
 23614 | Snake:4  | Found Ladghoc's Jewellery Boutique.
 23615 | Snake:4  | Found Fiunam's Book Shoppe.
 23895 | Snake:2  | Received a gift from Okawaru
 23912 | Snake:2  | Received a gift from Okawaru
 23968 | Snake:2  | Reached XP level 17. HP: 154/158 MP: 20/20
 23970 | Snake:2  | Killed Vashnia
 24042 | Snake:2  | Found a transporter.
 24253 | Swamp:1  | Entered Level 1 of the Swamp
 24290 | Swamp:1  | Reached skill level 21 in Shields
 24419 | Swamp:1  | Received a gift from Okawaru
 25019 | Swamp:2  | Reached skill level 22 in Shields
 25030 | Swamp:2  | Received a gift from Okawaru
 25288 | Swamp:2  | Identified the +6 chain mail of the Lily {Int+4}
 25588 | Swamp:3  | Received a gift from Okawaru
 26067 | Swamp:4  | Entered Level 4 of the Swamp
 26112 | Swamp:4  | Found a runed translucent door.
 26112 | Swamp:4  | Noticed caveywoolpert's ghost (adept MfMo)
 26236 | Swamp:4  | Killed caveywoolpert's ghost
 26342 | Swamp:4  | Found a shadowy altar of Dithmenos.
 26603 | Swamp:4  | Received a gift from Okawaru
 26629 | Swamp:4  | Reached skill level 23 in Shields
 26754 | Swamp:4  | Reached skill level 1 in Evocations
 26782 | Swamp:4  | Noticed a tentacled monstrosity
 26801 | Swamp:4  | Killed a tentacled monstrosity
 27254 | Swamp:4  | Killed from afar by a will-o-the-wisp

Illustrated notes

Levels and vault maps discovered:
D:1:      spicycebolla_arrival_ecumenical, layout_loops_ring, dk_noncrumbling_4,
          grunt_decor_one_mirror
D:2:      layout_basic, uniq_sigmund
D:3:      layout_loops_ring, uniq_natasha, uniq_grinder
D:4:      layout_gridville, dk_yredelemnul_ordeal, uniq_robin,
          uniq_blork_the_orc
D:5:      layout_basic, grunt_temple_overflow_open, nicolae_take_the_stairs,
          uniq_duvessa
D:6:      layout_basic, temple_statues
D:7:      layout_basic, hangedman_decor_riveting,
          nicolae_concentric_dashed_squares_mild
D:8:      layout_rooms
D:9:      layout_basic, erik_orc_4, serial_curves, eino_curves_03,
          eino_curves_02
D:10:     layout_roguey, lemuel_doored_altar
D:11:     layout_gridville, lair_entry_dummy, gauntlet_entry_generic,
          portal_ice_cave_entry_pillars_1, nicolae_hepliaklqana_hippocampus,
          uniq_erolcha, uniq_harold
D:12:     layout_rooms, minivault_7
Temple:   nicolae_temple_ecumenical_triangle
Lair:1:   layout_regular_city, grunt_megastairs_4, infiniplex_staircase_pool,
          uniq_sonja, uniq_gastronok, uniq_grum
Lair:2:   regret_index_wax_grids, layout_chaotic_city,
          guppyfry_snake_entry_island, serial_forest,
          infiniplex_forest_straight_4, infiniplex_forest_clump_long,
          infiniplex_forest_straight_2, infiniplex_forest_lined_room_,
          infiniplex_forest_clump_medium, infiniplex_forest_pool
Lair:3:   layout_layer_cave, palyth_hydra_swamp_entry, grunt_megastairs_1
Lair:4:   layout_cave_pods, minmay_slime_entry_pillars,
          infiniplex_staircase_pool_2
Lair:5:   guppyfry_lair_end_dragon, layout_regular_city,
          hangedman_lair_tendril_chambers, ebering_ghost_rock_garden,
          evilmike_ambush [evilmike_ambush_outer_basic,
          evilmike_ambush_inner_basic]
Swamp:1:  layout_falls_marsh, evilmike_swamp_ruin_house_5, swamp_pool2
Swamp:2:  layout_basic_swamp, evilmike_swamp_ruin_house_1, swamp_pool4,
          nicolae_swamp_vermiculated
Swamp:3:  layout_basic_swamp, nicolae_swamp_ascending_descending
Swamp:4:  nzn_swamp_witches_coven, layout_basic_swamp,
          hellmonk_ghost_happy_afterlife,
          nicolae_swamp_feature_on_the_river_bank
Snake:1:  layout_layer_cave, nicolae_snake_yet_another_twisty_hallway,
          serial_bayou_shore_b, minmay_shoptagon
Snake:2:  gammafunk_sealed_library, layout_layer_cave,
          nicolae_snake_ghostly_warrior_ritual, uniq_aizul, uniq_vashnia
Snake:3:  layout_honeycomb
Snake:4:  grunt_snake_rune_pools, layout_basic, serial_shops, shop, shop_statue,
          shop, nicolae_snake_single_loop, fake_guardian_serpent_vault,
          minmay_shop_grove
Orc:1:    layout_diamond_mine
Orc:2:    kennysheep_orc_mage_school, layout_diamond_mine, mines5_lemuel

Skill      XL: |  1  2  3  4  5  6  7  8  9 10 11 12 13 14 15 16 17 |
---------------+----------------------------------------------------+-----
Armour         | 4 5 6 7 8 10 11 12 13 14 | 14.2
Fighting       | 4 5 6 7 8 9 10 11 13 14 16 17 | 17.1
Shields        | 4 5 7 8 10 12 14 16 18 19 20 23 | 23.5
Axes           | 3 4 5 7 9 10 12 14 15 18 19 21 22 | 22.3
Throwing       | 1 3 5 6 7 |  7.7
Dodging        | 1 2 4 6 8 9 10 11 | 11.6
Invocations    | 1 2 3 4 5 |  5.7
Stealth        | 1 2 3 |  3.0
Evocations     | 1 |  1.3

Action                     |  1- 3 |  4- 6 |  7- 9 | 10-12 | 13-15 | 16-18 || total
---------------------------+-------+-------+-------+-------+-------+-------++-------
  Melee: War axe           |    68 |    68 |   147 |       |   862 |   721 ||  1866
         Headbutt          |    13 |    10 |    62 |   147 |   259 |   253 ||   744
         Hand axe          |       |       |   110 |   602 |   406 |   262 ||  1380
         Unarmed           |       |       |       |     8 |       |       ||     8
  Throw: Stone             |       |     1 |    45 |    25 |    24 |       ||    95
         Dart              |       |       |       |       |    50 |       ||    50
         Boomerang         |       |       |       |       |    36 |   102 ||   138
 Invoke: Heroism           |       |       |     6 |    30 |    77 |    20 ||   133
  Evoke: Wand              |       |       |       |     2 |       |    13 ||    15
    Use: Potion            |       |     1 |       |     2 |       |     8 ||    11
         Scroll            |       |     6 |    13 |     7 |     8 |     2 ||    36
   Stab: Distracted        |       |       |       |     1 |       |       ||     1
 Armour: Scale mail        |     8 |       |       |       |       |       ||     8
         Plate armour      |    30 |    48 |    70 |       |       |       ||   148
         Chain mail        |       |       |    55 |   186 |   255 |   227 ||   723
         Skin              |       |       |       |     4 |       |       ||     4
  Dodge: Dodged            |    23 |    19 |    36 |   195 |   340 |   338 ||   951
  Block: Buckler           |    12 |    21 |    20 |       |       |       ||    53
         Tower shield      |       |       |   128 |   407 |  1054 |   811 ||  2400

Table legend: (Time is in decaauts)
 A = Elapsed time spent in this place.
 B = Non-inter-level travel time spent in this place.
 C = Inter-level travel time spent in this place.
 D = Time resting spent in this place.
 E = Time spent auto-exploring this place.
 F = Levels seen in this place.
 G = Mean time per level.
                   A        B        C        D        E       F      G
               +--------+--------+--------+--------+--------+-----+--------+
         Total |  28043 |  26621 |   1422 |    484 |  19371 |  29 |  967.0 |
       Dungeon |  10531 |   9879 |    652 |    372 |   7100 |  12 |  877.6 |
        Temple |     43 |     25 |     18 |      0 |     18 |   1 |   43.0 |
          Lair |   6719 |   6294 |    425 |      0 |   4794 |   5 | 1343.8 |
         Swamp |   3172 |   3106 |     66 |    112 |   2054 |   4 |  793.0 |
     Snake Pit |   5516 |   5372 |    144 |      0 |   4030 |   4 | 1379.0 |
  Orcish Mines |   1580 |   1464 |    116 |      0 |   1070 |   2 |  790.0 |
      Ice Cave |    480 |    480 |      0 |      0 |    303 |   1 |  480.0 |
               +--------+--------+--------+--------+--------+-----+--------+

Top non-repeatable levels by time:
 Snake:2: 1674 daAuts
  Lair:5: 1607 daAuts
    D:11: 1512 daAuts
  Lair:3: 1479 daAuts
 Snake:1: 1477 daAuts
 Snake:4: 1357 daAuts
  Lair:2: 1342 daAuts
     D:5: 1268 daAuts
  Lair:4: 1215 daAuts
 Swamp:4: 1145 daAuts
     D:2: 1142 daAuts
   Orc:2: 1117 daAuts
  Lair:1: 1075 daAuts
     D:4: 1040 daAuts
 Snake:3: 1006 daAuts
